 Dungeon Crawl Stone Soup version 0.31-a0-1178-gc5c9b8f871 (webtiles) character file.

Game seed: 9072087629947980735

1761 qw the Skirmisher (level 9, 0/55 HPs)
             Began as a Gargoyle Hunter on Dec 11, 2023.
             Was a Believer of Okawaru.
             Slain by a two-headed ogre
             ... wielding a +0 giant spiked club
              (24 damage)
             ... on level 6 of the Dungeon.
             The game lasted 00:01:50 (4007 turns).

qw the Skirmisher (Gargoyle Hunter)                 Turns: 4007, Time: 00:01:50

Health: 0/55       AC: 14    Str: 15    XL:     9   Next: 7%
Magic:  12/12      EV: 16    Int: 10    God:    Okawaru [**....]
Gold:   222        SH:  0    Dex: 17    Spells: 8/8 levels left

rFire   + . .        d - +2 orcbow
rCold   . . .        (shield currently unavailable)
rNeg    + . .        i - +0 ring mail
rPois   inf          (no helmet)
rElec   +            f - +1 cloak
rCorr   .            (no gloves)
SInv    .            (no boots)
Will    .....        (no amulet)
Stlth   +            h - +5 ring of evasion
HPRegen 0.29/turn    j - ring of protection from fire
MPRegen 0.13/turn

%: no passive effects
@: no status effects
A: sickness immunity, AC +6, negative energy resistance 1, electricity
resistance, torment resistance 1, petrification resistance
a: Renounce Religion, Heroism


You were on level 6 of the Dungeon.
You worshipped Okawaru.
Okawaru was pleased with you.
You visited 2 branches of the dungeon, and saw 7 of its levels.

You collected 222 gold pieces.


Innate Abilities, Weirdness & Mutations

You are immune to sickness and miasma.
Your stone body is resilient. (AC +6)
You are immune to poison.
You resist negative energy. (rN+)
You are resistant to electric shocks. (rElec)
You are resistant to unholy torment.
You are immune to petrification.


   Skills:
 - Level 6.2 Fighting
 + Level 9.3 Ranged Weapons
 - Level 2.4 Armour
 - Level 2.4 Dodging
 - Level 1.1 Stealth
 - Level 4.2 Invocations


You had 8 spell levels left.
You didn't know any spells.
Your spell library was empty.

Inventory:

Hand Weapons
 d - a +2 orcbow (weapon)
Armour
 f - a +1 cloak (worn)
 i - a +0 ring mail (worn)
Jewellery
 e - the ring "Qamuonoy" {Ice Str-4 Int+5}
   (You found it on level 4 of the Dungeon)

   [ring of ice]

   Ice:       It enhances your ice magic.
   Str-4:     It affects your strength (-4).
   Int+5:     It affects your intelligence (+5).
   rF-:       It makes you vulnerable to fire.
   rC+:       It protects you from cold.
 h - a +5 ring of evasion (left hand)
 j - a ring of protection from fire (right hand)
Scrolls
 a - 4 scrolls of teleportation
 l - 2 scrolls of identify
Potions
 b - a potion of resistance
 c - 2 potions of enlightenment
 g - 2 potions of might

Dungeon Overview and Level Annotations

Branches:
Dungeon (6/15)             Temple (1/1) D:4

Altars:
Ashenzari
Cheibriados
Dithmenos
Elyvilon
Fedhas
Gozag
Hepliaklqana
Kikubaaqudgha
Nemelex Xobeh
Okawaru
Qazlal
Ru
Uskayaw
Vehumet
Xom
The Shining One

Annotations:
D:5 1 runed translucent door, Crazy Yiuf


Message History

The two-headed ogre barely misses you.
You shoot an arrow. The arrow hits Menkaure.
Menkaure is almost destroyed.
Menkaure hits you!
You shoot an arrow. The arrow hits Menkaure!
You destroy Menkaure!
Okawaru accepts your kill. The two-headed ogre misses you.
The two-headed ogre completely misses you.
You have reached level 9!
Your experience leads to an increase in your attributes!
Increase (S)trength, (I)ntelligence, or (D)exterity?
You feel agile. x2
You shoot an arrow. The arrow hits the two-headed ogre.
The two-headed ogre is lightly wounded.
The two-headed ogre hits you with a +0 giant spiked club!
The two-headed ogre misses you.
You shoot an arrow. The arrow hits the two-headed ogre!
The two-headed ogre is moderately wounded.
The two-headed ogre barely misses you.
The two-headed ogre completely misses you.
You shoot an arrow. The arrow hits the two-headed ogre!
The two-headed ogre is moderately wounded.
You shoot an arrow. The arrow hits the two-headed ogre!
The two-headed ogre is heavily wounded.
The two-headed ogre misses you.
The two-headed ogre completely misses you.
You shoot an arrow. The arrow hits the two-headed ogre!
The two-headed ogre is severely wounded.
The two-headed ogre hits you but does no damage.
The two-headed ogre barely misses you.
You shoot an arrow. The arrow hits the two-headed ogre.
The two-headed ogre is severely wounded.
The two-headed ogre hits you but does no damage.
The two-headed ogre hits you with a +0 giant club!
You shoot an arrow. The arrow hits the two-headed ogre.
The two-headed ogre is almost dead.
The two-headed ogre closely misses you.
The two-headed ogre hits you with a +0 giant club!!
You die...

.# ## O#
... .#
..###+#.#
.[..#.# ..
#....+
#..###.@O)#
..........#
..........#
....###<..#
### #...#
....#
##...#
#...# #.#.#


You could see a two-headed ogre.

Vanquished Creatures
  A hornet (D:5)
  Prince Ribbit (D:5)
  Menkaure (D:6)
  Duvessa (D:5)
  3 black bears
  An ice beast (D:5)
  A phantom (D:4)
  3 scorpions
  Dowan (D:5)
  A howler monkey (D:5)
  2 hounds
  3 orc priests
  A jelly (D:4)
  2 iguanas (D:5)
  2 orc wizards
  4 gnolls (D:5)
  6 adders
  2 worms (D:3)
  2 dart slugs
  5 orcs
  8 ball pythons
  A bat (D:1)
  8 endoplasms
  2 giant cockroaches
  7 hobgoblins
  13 jackals
  2 quokkas
  6 frilled lizards
  3 goblins
  2 kobolds
  7 rats
102 creatures vanquished.

Notes
Turn   | Place    | Note
-------+----------+-------------------------------------------
     0 | D:1      | qw the Gargoyle Hunter began the quest for the Orb.
     0 | D:1      | Reached XP level 1. HP: 12/12 MP: 1/1
     0 | D:1      | 0 ||| qw: Version: 0.3-a-106-g2cfff9e
     0 | D:1      | 0 ||| qw: Game counter: 1985
     0 | D:1      | 0 ||| qw: Melee chars always use a shield: true
     0 | D:1      | 0 ||| qw: God list: Okawaru
     0 | D:1      | 0 ||| qw: Allow faded altars: false
     0 | D:1      | 0 ||| qw: Do Orc after clearing Dungeon:15 true
     0 | D:1      | 0 ||| qw: Do second Lair branch before Depths: true
     0 | D:1      | 0 ||| qw: Lair rune preference: random
     0 | D:1      | 0 ||| qw: Goals: Normal, Save, Zot:1-4, Win
     0 | D:1      | 0 ||| PLANNING D:1-11
    67 | D:1      | Reached XP level 2. HP: 17/17 MP: 2/2
   433 | D:1      | 433 ||| UPGRADING to +0 cloak.
   438 | D:1      | 438 ||| READING scroll labelled TERINUNEUF.
   539 | D:1      | 539 ||| READING 2 scrolls labelled WOTOAZ ROA.
   539 | D:1      | 539 ||| IDENTIFYING fizzy yellow potion
   540 | D:1      | 540 ||| READING scroll of identify.
   540 | D:1      | 540 ||| IDENTIFYING 2 brown potions
   541 | D:1      | 541 ||| READING scroll labelled REPLUPN QORRIN.
   542 | D:1      | 542 ||| DROPPING scroll of butterflies.
   543 | D:1      | 543 ||| DROPPING potion of ambrosia.
   551 | D:2      | Reached XP level 3. HP: 21/21 MP: 3/3
   560 | D:2      | Reached skill level 5 in Ranged Weapons
   807 | D:2      | Found a shimmering altar of Xom.
   938 | D:2      | Reached skill level 3 in Fighting
   993 | D:2      | 993 ||| READING scroll labelled PYKHLA VEXTUU.
   994 | D:2      | 994 ||| READING scroll labelled YMPELL DUHAR.
  1051 | D:3      | 1051 ||| SWAPPING to +0 orcbow.
  1054 | D:3      | Reached XP level 4. HP: 28/28 MP: 4/4
  1054 | D:3      | 1054 ||| DROPPING +0 shortbow.
  1057 | D:3      | Found a hazy altar of Hepliaklqana.
  1062 | D:3      | Noticed a scorpion
  1081 | D:3      | Killed a scorpion
  1183 | D:3      | Reached XP level 5. HP: 32/32 MP: 5/5
  1218 | D:3      | Found a glowing golden altar of the Shining One.
  1352 | D:3      | Found a broken altar of Ashenzari.
  1469 | D:3      | Reached skill level 6 in Ranged Weapons
  1652 | D:3      | 1652 ||| READING 2 scrolls labelled ACO GAX NIDDOH.
  1655 | D:3      | 1655 ||| READING scroll labelled COOB MEMATZYKK.
  1656 | D:3      | 1656 ||| READING scroll labelled CEANTA VOZUPT.
  1656 | D:3      | 1656 ||| ENCHANTING +0 orcbow.
  1657 | D:3      | 1657 ||| READING scroll labelled CIUTRY QUBLOL.
  1802 | D:4      | 1802 ||| STAIRDANCE
  1808 | D:3      | Reached skill level 1 in Armour
  1839 | D:4      | 1839 ||| STAIRDANCE
  1889 | D:4      | Found a snail-covered altar of Cheibriados.
  1931 | D:4      | Noticed a phantom
  1949 | D:4      | Killed a phantom
  1950 | D:4      | Reached XP level 6. HP: 34/39 MP: 6/6
  1986 | D:4      | Found a staircase to the Ecumenical Temple.
  1987 | D:4      | 1987 ||| PLANNING TEMPLE
  1987 | D:4      | 1987 ||| READING scroll of identify.
  1987 | D:4      | 1987 ||| IDENTIFYING dark potion
  1988 | D:4      | 1988 ||| READING scroll labelled ROCOJO UQOY.
  1988 | D:4      | 1988 ||| ENCHANTING +0 cloak.
  1996 | Temple   | Entered the Ecumenical Temple
  1997 | Temple   | 1997 ||| PLANNING OKAWARU WORSHIP
  2008 | Temple   | Became a worshipper of Warmaster Okawaru
  2009 | Temple   | 2009 ||| PLANNING D:1-11
  2264 | D:4      | You fall into a shaft and drop 1 floor!
  2264 | D:5      | Entered Level 5 of the Dungeon
  2368 | D:5      | Noticed a hornet
  2379 | D:5      | Killed a hornet
  2380 | D:5      | Reached skill level 7 in Ranged Weapons
  2380 | D:5      | Reached XP level 7. HP: 24/44 MP: 7/7
  2452 | D:5      | 2452 ||| READING scroll of identify.
  2452 | D:5      | 2452 ||| IDENTIFYING clear potion
  2453 | D:5      | 2453 ||| READING 4 scrolls labelled SAIFIL KUWESS.
  2454 | D:5      | 2454 ||| DROPPING potion of brilliance.
  2455 | D:5      | 2455 ||| DROPPING 3 scrolls of fog.
  2496 | D:4      | Identified the ring "Qamuonoy" {Ice Str-4 Int+5}
  2874 | D:4      | 2874 ||| UPGRADING to +0 ring mail.
  2884 | D:4      | 2884 ||| DROPPING +0 leather armour.
  2885 | D:4      | 2885 ||| DROPPING amulet of magic regeneration.
  2886 | D:4      | 2886 ||| DRINKING 2 ruby potions.
  2915 | D:5      | 2915 ||| STAIRDANCE
  2924 | D:5      | 2924 ||| STAIRDANCE
  2931 | D:4      | Reached * piety under Okawaru
  3003 | D:5      | 3003 ||| STAIRDANCE
  3016 | D:5      | 3016 ||| STAIRDANCE
  3020 | D:4      | Reached skill level 8 in Ranged Weapons
  3020 | D:4      | Reached skill level 1 in Invocations
  3028 | D:5      | 3028 ||| STAIRDANCE
  3056 | D:5      | 3056 ||| STAIRDANCE
  3152 | D:5      | Noticed Prince Ribbit
  3153 | D:5      | 3153 ||| Stepping ~*~*~tactically~*~*~ (retreating).
  3154 | D:5      | 3154 ||| Stepping ~*~*~tactically~*~*~ (retreating).
  3155 | D:5      | 3155 ||| Stepping ~*~*~tactically~*~*~ (retreating).
  3161 | D:5      | Reached XP level 8. HP: 49/49 MP: 8/10
  3163 | D:5      | Noticed Duvessa
  3164 | D:5      | 3164 ||| RETREEAATING.
  3165 | D:5      | 3165 ||| STILL RETREEAATING.
  3166 | D:5      | 3166 ||| Stepping ~*~*~tactically~*~*~ (retreating).
  3168 | D:5      | 3168 ||| FLEEEEING.
  3169 | D:5      | 3169 ||| FLEEEEING.
  3170 | D:5      | 3170 ||| RETREEAATING.
  3171 | D:5      | 3171 ||| STILL RETREEAATING.
  3172 | D:5      | 3172 ||| STILL RETREEAATING.
  3175 | D:5      | 3175 ||| Stepping ~*~*~tactically~*~*~ (retreating).
  3180 | D:5      | Killed Prince Ribbit
  3181 | D:5      | Reached skill level 3 in Invocations
  3187 | D:5      | HP: 11/49 [Duvessa/+0 short sword (7)]
  3188 | D:5      | 3188 ||| READING 4 scrolls of teleportation.
  3188 | D:5      | HP: 5/49 [Duvessa/+0 short sword (6)]
  3189 | D:5      | 3189 ||| DRINKING fuming yellow potion.
  3190 | D:5      | 3190 ||| DRINKING smoky silvery potion.
  3193 | D:5      | Killed Duvessa
  3287 | D:5      | Noticed Dowan
  3291 | D:5      | Killed Dowan
  3291 | D:5      | Reached ** piety under Okawaru
  3505 | D:5      | 3505 ||| READING scroll of enchant weapon.
  3505 | D:5      | 3505 ||| ENCHANTING +1 orcbow.
  3588 | D:5      | 3588 ||| FLEEEEING.
  3589 | D:5      | 3589 ||| FLEEEEING.
  3595 | D:5      | Reached skill level 9 in Ranged Weapons
  3730 | D:5      | 3730 ||| DRINKING potion of curing.
  3730 | D:5      | 3730 ||| (to cure confusion)
  3845 | D:5      | Reached skill level 6 in Fighting
  3941 | D:5      | Found a runed translucent door.
  3942 | D:5      | Noticed Crazy Yiuf
  3945 | D:5      | 3945 ||| UPGRADING to +5 ring of evasion.
  3946 | D:5      | 3946 ||| UPGRADING to ring of protection from fire.
  3947 | D:5      | 3947 ||| READING 4 scrolls of identify.
  3947 | D:5      | 3947 ||| IDENTIFYING 2 coppery potions
  3948 | D:5      | 3948 ||| READING 3 scrolls of identify.
  3948 | D:5      | 3948 ||| IDENTIFYING scroll labelled TOXZOFFOAL
  3949 | D:5      | 3949 ||| DROPPING scroll of blinking.
  3987 | D:6      | Noticed Menkaure
  3989 | D:6      | Noticed a two-headed ogre
  3990 | D:6      | 3990 ||| Stepping ~*~*~tactically~*~*~ (retreating).
  4000 | D:6      | Killed Menkaure
  4001 | D:6      | Reached XP level 9. HP: 45/55 MP: 12/12
  4007 | D:6      | Slain by a two-headed ogre

Levels and vault maps discovered:
D:1:      dpeg_arrival_windows_large_door, layout_rooms,
          chequers_serial_rivers_micro_b, minmay_stone_trees_small
D:2:      layout_rooms, basic_altar, chequers_serial_rivers_marsh,
          kennysheep_generic_room_5
D:3:      layout_basic, lemuel_coloured_pillars_altar, nicolae_overflow_squiral
D:4:      layout_loops_ring, mainiacjoe_overflow_cross_hatched,
          minmay_temple_entry_purple_smoke, nrook_loot_triangle,
          bh_walls_and_bars
D:5:      layout_loops_ring, chequers_serial_rivers_room_a, uniq_duvessa,
          uniq_prince_ribbit1, uniq_crazy_yiuf_cottage
D:6:      layout_basic, lightli_temple_of_fire, amcnicky_altar_gilded, tgw_sif,
          uniq_menkaure, uniq_jeremiah, uniq_edmund, uniq_pikel
Temple:   hc_temple_tempest_star

Skill      XL: |  1  2  3  4  5  6  7  8 |
---------------+-------------------------+-----
Ranged Weapons | 5 6 7 8 9 |  9.3
Fighting       | 3 4 5 6 |  6.2
Armour         | 1 2 |  2.4
Invocations    | 2 4 |  4.2
Dodging        | 2 |  2.4
Stealth        | |  1.1

Action                     |  1- 3 |  4- 6 |  7- 9 || total
---------------------------+-------+-------+-------++-------
   Fire: Shortbow          |    93 |       |       ||    93
         Orcbow            |     2 |   115 |   193 ||   310
    Use: Scroll            |     6 |     6 |     6 ||    18
         Potion            |       |       |     4 ||     4
 Armour: Leather armour    |    16 |    59 |       ||    75
         Ring mail         |       |       |   148 ||   148
  Dodge: Dodged            |    20 |    46 |   111 ||   177

Table legend:
 A = Non-vault XP
 B = Vault XP
 C = Vault XP percentage of total XP
 D = Non-vault monster count
 E = Vault monster count
 F = Vault count percentage of total count
                 A         B        C        D         E       F
            +---------+---------+-------+---------+---------+-------
      Total |    1862 |     655 |  26.0 |      97 |       5 |   4.9
            +---------+---------+-------+---------+---------+-------
        D:1 |      33 |       0 |   0.0 |      22 |       0 |   0.0
        D:2 |      34 |      14 |  29.2 |      13 |       1 |   7.1
        D:3 |     153 |       0 |   0.0 |      15 |       0 |   0.0
        D:4 |     575 |       0 |   0.0 |      26 |       0 |   0.0
        D:5 |    1067 |     476 |  30.8 |      21 |       3 |  12.5
        D:6 |       0 |     165 | 100.0 |       0 |       1 | 100.0
            +---------+---------+-------+---------+---------+-------
